 Dungeon Crawl Stone Soup version bcrawl-1.19.2-6-g6a88ae04c9 (webtiles) character file.

Game seed: 16296130255749348940

327 Mrkan the Chopper (level 6, 0/55 HPs)
             Began as a Minotaur Fighter on Jan 4, 2020.
             Was a Follower of Okawaru.
             Slain by Purgy (3 damage)
             ... in a sewer.
             The game lasted 00:03:36 (2759 turns).

Mrkan the Chopper (Minotaur Fighter)                Turns: 2759, Time: 00:03:36

Health: 0/55       AC:  7    Str: 26    XL:     6   Next: 24%
Magic:  5/5        EV:  8    Int:  5    God:    Okawaru [*.....]
Gold:   84         SH: 10    Dex: 11    Spells: 5/5 levels left

rFire    . . .     SeeInvis .   a - +0 war axe
rCold    . . .     Gourm    .   c - +0 shield
rNeg     . . .     Faith    .   b - +0 scale mail
rPois    .         Spirit   .   (helmet restricted)
rElec    .         Reflect  .   (no cloak)
rCorr    .         Harm     .   (no gloves)
MR       .....                  (no boots)
Stlth    ..........             (no amulet)
HPRegen  0.18/turn              (no ring)
MPRegen  0.09/turn              (no ring)

@: mighty, lethally poisoned (0 -> -2)
A: retaliatory headbutt, horns 2
a: Heroism, Renounce Religion


You were in a sewer.
You worshipped Okawaru.
Okawaru was aware of your devotion.
You were hungry.

You visited 1 branch of the dungeon, and saw 4 of its levels.
You also visited: Sewer.

You collected 84 gold pieces.

Inventory:

Hand Weapons
 a - a +0 war axe (weapon)
Missiles
 n - 103 poisoned tomahawks (quivered)
 r - 114 javelins
Armour
 b - a +0 scale mail (worn)
 c - a +0 shield (worn)
Jewellery
 k - a cursed amulet of inaccuracy {unknown}
 m - a +4 ring of intelligence {unknown}
Scrolls
 e - 2 scrolls of remove curse {unknown}
 g - 4 scrolls of identify {unknown}
 i - 2 scrolls of teleportation {unknown}
 l - a scroll of fear {unknown}
 p - a scroll of enchant armour {unknown}
 s - a scroll of enchant weapon {unknown}
Potions
 h - a potion of brilliance {unknown}
 j - 2 potions of flight {unknown}
 o - 2 potions of mutation {unknown}
 q - a potion of magic {unknown}
 t - a potion of heal wounds {unknown}
Comestibles
 f - 6 rations {!d}


   Skills:
 + Level 4.9 Fighting
 * Level 5.4 Axes
 + Level 4.9 Armour
 + Level 5.0 Shields


You had 5 spell levels left.
You didn't know any spells.
Your spell library was empty.

Dungeon Overview and Level Annotations

Branches:
Dungeon (4/12)
 Temple: D:4-7

Altars:
Cheibriados
Okawaru
Uskayaw

Annotations:
Sewer Purgy


Innate Abilities, Weirdness & Mutations

You reflexively headbutt those who attack you in melee.
You have a pair of horns on your head.


Message History

You are feeling hungry.
* * * LOW HITPOINT WARNING * * *
You feel sick. You block the adder's attack.
The adder bites you but does no damage.
You barely miss the adder.
The adder is almost dead.
The adder bites you but does no damage. The adder barely misses you.
You furiously retaliate!
You headbutt the adder.
You kill the adder!
Okawaru accepts your kill.
* * * LOW HITPOINT WARNING * * *
You feel sick.
You feel very mighty all of a sudden. You block Purgy's attack.
Purgy completely misses you. You block Purgy's attack.
You slice Purgy!! Your headbutt misses Purgy.
Purgy is almost dead.
* * * LOW HITPOINT WARNING * * *
You feel sick.
You block Purgy's attack. x2; Purgy claws you.
You die...

##.≈≈≈≈≈≈≈≈# #.≈≈≈≈≈≈≈#
##.≈≈≈≈≈≈# ##≈≈≈≈≈≈# #
#####≈≈≈≈≈≈≈≈# ..
#..#.≈≈≈≈≈≈≈## ≈.≈# ##
#≈..≈≈≈≈≈≈≈## ≈≈≈..#.
#####≈≈≈≈≈≈≈≈≈≈#
≈≈≈≈≈.≈##@.≈≈≈≈≈≈≈≈≈≈≈##
≈≈≈≈≈≈≈≈T≈.≈≈≈≈≈≈≈≈≈≈≈#
≈≈≈≈≈≈≈≈≈≈≈≈≈≈≈≈≈≈≈≈≈##
≈≈≈≈≈≈≈≈≈≈≈≈≈≈≈≈≈≈≈≈≈#
≈≈≈≈≈≈≈≈≈≈≈≈≈≈≈≈≈≈####
≈≈≈≈≈≈≈≈≈≈≈≈≈≈≈≈≈≈#
≈≈≈≈≈≈≈≈≈≈≈≈≈≈≈≈≈≈#
≈≈≈≈≈≈≈≈≈≈≈≈≈≈≈####
#######≈#####≈##


You could see Purgy.

Vanquished Creatures
  An orc priest (D:3)
  A hound (D:4)
  An orc wizard (D:4)
  A worker ant (D:3)
  6 adders
  A river rat (D:4)
  2 oozes
  7 worms
  3 dart slugs
  5 leopard geckos
  18 orcs
  A ball python (Sewer)
  4 bats (D:1)
  A giant cockroach (D:1)
  6 goblins
  8 hobgoblins
  5 jackals (D:1)
  11 kobolds
  A quokka (D:3)
  7 frilled lizards
  12 rats
102 creatures vanquished.

Notes
Turn   | Place    | Note
-------+----------+-------------------------------------------
     0 | D:1      | Mrkan the Minotaur Fighter began the quest for the Orb.
     0 | D:1      | Reached XP level 1. HP: 19/19 MP: 0/0
    48 | D:1      | Reached XP level 2. HP: 27/27 MP: 1/1
   327 | D:1      | Reached XP level 3. HP: 30/33 MP: 2/2
  1026 | D:2      | Found an iron altar of Okawaru.
  1026 | D:2      | Found a snail-covered altar of Cheibriados.
  1031 | D:2      | Became a worshipper of Warmaster Okawaru
  1226 | D:2      | Reached XP level 4. HP: 39/40 MP: 3/3
  1936 | D:3      | Reached XP level 5. HP: 44/47 MP: 4/4
  2231 | D:3      | Found a hide-covered altar of Uskayaw.
  2375 | D:4      | Reached skill level 5 in Axes
  2408 | D:4      | Reached XP level 6. HP: 31/55 MP: 5/5
  2612 | D:4      | Reached skill level 5 in Shields
  2649 | D:4      | Found a glowing drain.
  2668 | Sewer    | Entered a sewer
  2735 | Sewer    | Noticed Purgy
  2743 | Sewer    | Reached * piety under Okawaru
  2759 | Sewer    | Slain by Purgy

Skill      XL: |  1  2  3  4  5  6 |
---------------+-------------------+-----
Axes           | 3 4 5 |  5.4
Shields        | 4 5 |  5.0
Fighting       | 4 |  4.9
Armour         | 4 |  4.9

Action                   |  1- 3 |  4- 6 || total
-------------------------+-------+-------++-------
Melee: War axe           |    95 |   157 ||   252
       Headbutt          |    13 |    17 ||    30
  Use: Potion            |       |     1 ||     1
  Eat: Chunk             |     1 |     5 ||     6
Armor: Scale mail        |    39 |    61 ||   100
Dodge: Dodged            |    17 |    42 ||    59
Block: Shield            |    59 |   102 ||   161
